 Dungeon Crawl Stone Soup version 0.31-a0-117-g42d8f58691 (webtiles) character file.

Game seed: 3234331809826135288

40264 lunkers the Fighter (level 13, -6/119 HPs)
             Began as a Demigod Fighter on May 30, 2023.
             Mangled by a komodo dragon (10 damage)
             ... on level 5 of the Lair of Beasts.
             The game lasted 00:30:06 (13196 turns).

lunkers the Fighter (Demigod Fighter)              Turns: 13196, Time: 00:30:06

Health: -6/119     AC: 26    Str: 17    XL:     13   Next: 39%
Magic:  25/25      EV: 23    Int: 12    God:
Gold:   713        SH: 12    Dex: 31    Spells: 12/12 levels left

rFire   + . .        b - +4 rapier "Ociluaz" {flame, Will++ MP+9 Int+2}
rCold   . . .        c - +0 buckler
rNeg    + . .        H - +5 ring mail of Lec Beacs {rN+ Regen+ Dex+2}
rPois   .            x - +2 helmet
rElec   +            C - +1 cloak of the Ditch-Digger {rF+ Stlth+}
rCorr   +            K - +0 pair of gloves
SInv    .            B - +1 pair of boots
Will    ++++.        Y - amulet of reflection
Stlth   +++          o - +4 ring of protection
HPRegen 1.19/turn    f - ring "Toeponaf" {rElec Will+ rCorr}
MPRegen 0.19/turn

%: reflection
@: mighty, lethally poisoned (-6 -> -39)
A: high MP 1, forlorn, divine attributes
a: no special abilities


You were on level 5 of the Lair of Beasts.
You visited 2 branches of the dungeon, and saw 18 of its levels.

You collected 762 gold pieces.
You spent 49 gold pieces at shops.

Inventory:

Hand Weapons
 a - a +4 dagger of venom
 b - the +4 rapier "Ociluaz" (weapon) {flame, Will++ MP+9 Int+2}
   (You found it on level 3 of the Lair of Beasts)

   Int:       It affects your intelligence (+2).
   MP:        It affects your magic capacity (+9).
   Will:      It greatly increases your willpower.
 v - a +0 long sword of freezing
 N - a +2 long sword
Armour
 c - a +0 buckler (worn)
 l - the +4 scale mail of Rofoxed {*Corrode rElec rPois Regen+ Str+4}
   (You found it on level 2 of the Dungeon)

   Str:       It affects your strength (+4).
   rElec:     It insulates you from electricity.
   rPois:     It protects you from poison.
   Regen:     It increases your rate of health regeneration.
   *Corrode:  It may corrode you when you take damage.
 u - a +0 kite shield
 x - a +2 helmet (worn)
 B - a +1 pair of boots (worn)
 C - the +1 cloak of the Ditch-Digger (worn) {rF+ Stlth+}
   (You found it on level 11 of the Dungeon)

   rF:        It protects you from fire.
   Stlth:     It makes you more stealthy.
 H - the +5 ring mail of Lec Beacs (worn) {rN+ Regen+ Dex+2}
   (You found it on level 12 of the Dungeon)

   Dex:       It affects your dexterity (+2).
   rN:        It protects you from negative energy.
   Regen:     It increases your rate of health regeneration.
 K - a +0 pair of gloves (worn)
Jewellery
 f - the ring "Toeponaf" (right hand) {rElec Will+ rCorr}
   (You acquired it on level 6 of the Dungeon)

   [ring of resist corrosion]

   rElec:     It insulates you from electricity.
   rCorr:     It protects you from acid and corrosion.
   Will:      It increases your willpower.
 j - a ring of ice
 o - a +4 ring of protection (left hand)
 z - an amulet of magic regeneration
 E - an amulet of the acrobat
 F - a ring of protection from fire
 G - a ring of magical power
 P - a ring of protection from fire
 Q - a ring of fire
 R - a +6 ring of intelligence
 S - a ring of willpower
 X - a ring of flight
 Y - an amulet of reflection (around neck)
Wands
 s - a wand of light (2)
 t - a wand of mindburst (9)
 D - a wand of digging (2)
 J - a wand of iceblast (15)
 U - a wand of paralysis (37)
Scrolls
 d - 2 scrolls of blinking
 g - 4 scrolls of identify
 i - 4 scrolls of vulnerability
 k - 5 scrolls of magic mapping
 m - 2 scrolls of amnesia
 n - 6 scrolls of teleportation
 p - 3 scrolls of poison
 y - 3 scrolls of fog
 V - a scroll of fear
 W - 2 scrolls of enchant weapon
 Z - a scroll of brand weapon
Potions
 e - 2 potions of resistance
 h - 6 potions of curing
 q - 3 potions of attraction
 r - 2 potions of heal wounds
 w - 4 potions of haste
 A - 3 potions of enlightenment
 I - 2 potions of lignification
 L - a potion of might
 M - a potion of invisibility
 O - 2 potions of magic
 T - a potion of brilliance


   Skills:
 + Level 12.4 Fighting
 - Level 9.0(10.0) Short Blades
 - Level 6.6(8.8) Long Blades
 - Level 10.0 Armour
 + Level 11.9 Dodging
 - Level 2.6 Shields


You had 12 spell levels left.
You didn't know any spells.
Your spell library contained the following spells:

 Spells                   Type           Power      Damage    Failure   Level
 Beastly Appendage        Tmut           0%         N/A       56%         1
 Necrotise                Necr           0%         1d4       56%         1
 Sandblast                Erth           0%         2d4       56%         1
 Slow                     Hex            0%         N/A       56%         1
 Ensorcelled Hibernation  Hex/Ice        0%         N/A       71%         2
 Passwall                 Tmut/Erth      0%         N/A       71%         2
 Wereblood                Tmut           0%         N/A       71%         2
 Confusing Touch          Hex            0%         N/A       91%         3
 Portal Projectile        Hex/Tloc       0%         N/A       91%         3
 Spider Form              Tmut/Pois      0%         N/A       91%         3
 Stone Arrow              Conj/Erth      0%         3d7       91%         3
 Swiftness                Air            0%         N/A       91%         3
 Tukima's Dance           Hex            0%         N/A       91%         3
 Vampiric Draining        Necr           0%         2d6       91%         3
 Agony                    Necr           0%         N/A       100%        5
 Blade Hands              Tmut           0%         N/A       100%        5


Dungeon Overview and Level Annotations

Branches:
Dungeon (13/15)            Temple (0/1) D:6            Lair (5/5) D:10
  Swamp (0/4) Lair:3       Spider (0/4) Lair:3        Slime (0/5) Lair:4
    Orc (0/2) D:11
 Vaults: D:13-14

Shops:
D:12 [


Innate Abilities, Weirdness & Mutations

You have an increased reservoir of magic. (+10% MP)
You shall have no god before yourself.
Your divine heritage dramatically boosts your attributes as you level up.


Message History

The skyshark is severely wounded.
You feel sick. The skyshark completely misses you.
The skyshark tail-slaps you but does no damage.
You block the skyshark's attack. You block the sea snake's attack.
The komodo dragon misses you. The skyshark closely misses you.
The skyshark misses you. The skyshark closely misses you.
Unknown command.
You puncture the skyshark! You burn the skyshark.
The skyshark is almost dead.
You feel sick.
The sea snake bites you but does no damage.
The skyshark closely misses you. The skyshark barely misses you.
The skyshark tail-slaps you but does no damage.
Unknown command.
You puncture the skyshark! You burn the skyshark.
You kill the skyshark!
You feel sick. You block the komodo dragon's attack.
You block the sea snake's attack.
You puncture the sea snake! You burn the sea snake.
The sea snake is lightly wounded.
You feel sick. You block the komodo dragon's attack. The sea snake misses you.
You closely miss the sea snake.
The sea snake is lightly wounded.
The sea snake barely misses you. The komodo dragon barely misses you.
You hit the sea snake. You burn the sea snake.
The sea snake is moderately wounded.
You feel sick.
You puncture the sea snake! You burn the sea snake.
The sea snake is heavily wounded.
You feel sick. The sea snake bites you!
* * * LOW HITPOINT WARNING * * *
You are lethally poisoned!
The sea snake poisons you!
The komodo dragon completely misses you.
You puncture the sea snake! You burn the sea snake.
The sea snake is severely wounded.
* * * LOW HITPOINT WARNING * * *
You feel extremely sick. You block the sea snake's attack.
The komodo dragon bites you!
You die...

#..#.÷†<.............##~~#
##..##...##.#........~~P~#
#†###.##.####......~~~~~#
##.##P..#.##........~##~~#
.†...................##~~#
#†..................~~~~~#
##..................~P.~.~~~
#..............†S....#P.~~.#
#...............@l..~#~~~.#.
#.......##.....†.....~~P~#~.
##.....#####.........~~P.# .
#...P...#..#..<......##.~#
#..P.#P..#†.........~# ~~#
#....#....##.........~~ .#
.#.......##.........~~~~
##..#....###.........##.
#.#########........


You could see a sea snake and a komodo dragon.

Vanquished Creatures
  A dire elephant (Lair:5)
  Josephine (D:10)
  2 hydras
  A catoblepas (Lair:1)
  A boulder beetle (D:12)
  5 two-headed ogres
  2 skysharks
  A sea snake (Lair:5)
  A lindwurm (Lair:5)
  A deep elf pyromancer (D:12)
  An ugly thing (D:13)
  2 cyclopes
  3 elephants (Lair:5)
  6 black mambas
  10 cane toads
  Maggie (D:9)
  A gargoyle (D:10)
  8 komodo dragons
  2 rime drakes
  6 trolls
  2 polar bears
  Prince Ribbit (Lair:1)
  Grinder (D:6)
  13 blink frogs
  Sigmund (D:3)
  A jumping spider (Lair:3)
  4 shadows
  5 wyverns
  5 wraiths
  A vampire (D:11)
  48 yaks
  2 steam dragons
  5 basilisks
  An acid dragon (D:11)
  12 water moccasins
  An ice beast (D:6)
  An orc warrior (D:8)
  A sky beast (D:6)
  4 black bears
  3 ogres
  5 centaurs
  8 wolves (Lair:4)
  2 phantoms
  2 kobold brigands
  10 bullfrogs
  3 gnoll sergeants
  4 wights (D:10)
  16 killer bees
  6 howler monkeys
  2 electric eels (Lair:2)
  A jelly (D:6)
  7 orc priests
  A gnoll bouda (Lair:4)
  2 hounds (D:5)
  2 iguanas (D:7)
  6 orc wizards
  12 gnolls
  6 adders
  3 white imps
  2 worms (D:2)
  3 dart slugs
  24 orcs
  4 ball pythons
  6 bats
  7 endoplasms
  2 giant cockroaches
  10 hobgoblins
  2 jackals (D:4)
  3 quokkas
  3 frilled lizards
  7 goblins
  16 kobolds
355 creatures vanquished.

Notes
Turn   | Place    | Note
-------+----------+-------------------------------------------
     0 | D:1      | lunkers the Demigod Fighter began the quest for the Orb.
     0 | D:1      | Reached XP level 1. HP: 18/18 MP: 3/3
   236 | D:1      | Reached XP level 2. HP: 25/25 MP: 4/4
   483 | D:2      | Identified the +4 scale mail of Rofoxed {*Corrode rElec
                  | rPois Regen+ Str+4}
   581 | D:2      | Reached XP level 3. HP: 30/30 MP: 5/5
   909 | D:3      | Reached XP level 4. HP: 37/37 MP: 6/6
  1181 | D:3      | Noticed Sigmund
  1194 | D:3      | Killed Sigmund
  1195 | D:3      | Reached skill level 5 in Long Blades
  1195 | D:3      | Reached XP level 5. HP: 41/42 MP: 7/7
  1367 | D:3      | Found Poskilix's General Store.
  1460 | D:3      | Reached XP level 6. HP: 50/50 MP: 8/8
  1993 | D:5      | Entered Level 5 of the Dungeon
  2084 | D:5      | Reached skill level 1 in Short Blades
  2316 | D:5      | Reached XP level 7. HP: 18/56 MP: 9/9
  2542 | D:6      | Found a staircase to the Ecumenical Temple.
  2626 | D:6      | Noticed a troll
  2645 | D:6      | Killed a troll
  2691 | D:6      | Found the +18 Lear's hauberk
  2881 | D:6      | Reached skill level 5 in Short Blades
  2963 | D:6      | Noticed Grinder
  2974 | D:6      | Killed Grinder
  3035 | D:6      | Reached XP level 8. HP: 56/62 MP: 10/10
  3205 | D:6      | Reached skill level 3 in Fighting
  3205 | D:6      | Reached skill level 1 in Dodging
  3353 | D:6      | Identified a scroll of acquirement
  3353 | D:6      | Acquired the ring "Toeponaf" {rElec Will+ rCorr}
  3403 | D:7      | Noticed a cyclops
  3425 | D:7      | Killed a cyclops
  3426 | D:7      | Reached skill level 4 in Fighting
  3555 | D:7      | Reached XP level 9. HP: 72/72 MP: 11/11
  3645 | D:7      | Reached skill level 5 in Fighting
  3848 | D:7      | Reached skill level 5 in Armour
  4566 | D:8      | Reached skill level 6 in Fighting
  4566 | D:8      | Reached skill level 5 in Dodging
  4646 | D:8      | You fall into a shaft and drop 3 floors!
  4660 | D:11     | Noticed a two-headed ogre
  4697 | D:11     | Killed a two-headed ogre
  4735 | D:11     | Found a staircase to the Orcish Mines.
  4803 | D:11     | Noticed a two-headed ogre
  4855 | D:11     | Reached XP level 10. HP: 63/84 MP: 13/13
  4872 | D:11     | Killed a two-headed ogre
  4975 | D:11     | Reached skill level 7 in Fighting
  4989 | D:11     | Noticed a two-headed ogre
  5002 | D:11     | Killed a two-headed ogre
  5157 | D:11     | Identified the +1 cloak of the Ditch-Digger {rF+ Stlth+}
  5497 | D:12     | Noticed a boulder beetle
  5497 | D:12     | Noticed a two-headed ogre
  5520 | D:11     | Killed a two-headed ogre
  5521 | D:11     | Reached skill level 8 in Fighting
  5607 | D:12     | Killed a boulder beetle
  5694 | D:12     | Identified the +5 ring mail of Lec Beacs {rN+ Regen+ Dex+2}
  5766 | D:12     | Noticed a deep elf pyromancer
  5789 | D:12     | Killed a deep elf pyromancer
  5790 | D:12     | Reached XP level 11. HP: 75/94 MP: 14/14
  6091 | D:12     | Found Vykutrivvi's Armour Emporium.
  6104 | D:12     | Bought a +0 pair of gloves for 49 gold pieces
  6564 | D:10     | Entered Level 10 of the Dungeon
  6821 | D:10     | Found a staircase to the Lair.
  7112 | D:10     | Noticed Josephine
  7133 | D:10     | Killed Josephine
  7134 | D:10     | Reached skill level 9 in Fighting
  7300 | D:10     | Identified the +6 hand axe "Manis" {freeze, rC+}
  7510 | D:10     | Noticed an Executioner
  8464 | D:9      | Noticed a two-headed ogre
  8482 | D:9      | Killed a two-headed ogre
  8868 | D:9      | Noticed Maggie
  8891 | D:9      | Killed Maggie
  9294 | Lair:1   | Entered Level 1 of the Lair of Beasts
  9299 | Lair:1   | Noticed Prince Ribbit
  9327 | Lair:1   | Killed Prince Ribbit
  9597 | Lair:1   | Reached skill level 10 in Fighting
  9614 | Lair:1   | Reached XP level 12. HP: 79/106 MP: 15/15
  9658 | Lair:1   | Reached skill level 10 in Armour
  9756 | Lair:1   | Noticed a catoblepas
  9805 | Lair:1   | Killed a catoblepas
  9984 | Lair:1   | Reached skill level 10 in Dodging
 10652 | Lair:2   | Reached skill level 11 in Fighting
 11420 | Lair:3   | Found a hole to the Spider Nest.
 11420 | Lair:3   | Identified the +4 rapier "Ociluaz" {flame, Will++ MP+9
                  | Int+2}
 11765 | Lair:3   | Found a staircase to the Swamp.
 11903 | Lair:4   | Noticed a four-headed hydra
 11951 | Lair:4   | Killed a four-headed hydra
 12422 | Lair:4   | Reached XP level 13. HP: 86/117 MP: 16/16
 12519 | Lair:4   | Found a staircase to the Slime Pits.
 12825 | Lair:5   | Entered Level 5 of the Lair of Beasts
 12856 | Lair:5   | Noticed a dire elephant
 12877 | Lair:5   | Killed a dire elephant
 12882 | Lair:5   | Reached skill level 12 in Fighting
 13196 | Lair:5   | HP: 4/119 [poisoned by a sea snake]
 13196 | Lair:5   | Mangled by a komodo dragon

Illustrated notes

Levels and vault maps discovered:
D:1:      scummos_arrival_hexagon, layout_basic, ebering_ecumenical_altar_box
D:2:      layout_basic, basic_altar, hangedman_abyss_or_decor_lesser_grid,
          nicolae_elevator_lobby_asterisk
D:3:      layout_loops_ring, mainiacjoe_overflow_brackets, serial_shops,
          nicolae_shop_back_alley_shop, grunt_ministairs_11,
          lightli_corner_chamber, uniq_sigmund
D:4:      layout_rooms, mainiacjoe_overflow_tiny_flanked
D:5:      layout_gridville
D:6:      layout_loops_ring, nicolae_ru_sacrificial_ziggurat,
          minmay_overflow_temple_star_hex, minmay_temple_entry_crystal_x,
          hellmonk_guarded_unrand_lears, uniq_grinder
D:7:      layout_rooms, grunt_qazlal_sundering, minmay_increasing_density
D:8:      layout_basic
D:9:      layout_gridville, mainiacjoe_overflow_chevrons, uniq_maggie
D:10:     layout_layer_cave, doesnt_xom_only_xom, tgw_sif,
          makhleb_altar_promises_db, dpeg_oklobed_lair,
          kennysheep_big_empty_room, uniq_josephine
D:11:     layout_gridville, orc_0_dummy, minmay_variable_closet,
          cheibrodos_ashenzari_chains
D:12:     layout_basic, serial_shops, shop
D:13:     due_megacathedral, layout_basic
Lair:1:   layout_cellular_growth, uniq_prince_ribbit2
Lair:2:   layout_regular_city, serial_bayou_pond_c, serial_bayou_shore_a,
          grunt_megastairs_1
Lair:3:   layout_misc_corridors, minmay_swamp_entry_worms,
          spider_nest_entry_rubble, grunt_megastairs_5
Lair:4:   layout_regular_city, slime_entry_1, dreamdust_gnoll_shepherd
Lair:5:   gammafunk_lair_ancient_temple, layout_regular_city, uniq_snorg,
          uniq_sonja

Skill      XL: |  1  2  3  4  5  6  7  8  9 10 11 12 13 |
---------------+----------------------------------------+-----
Long Blades    | 2 3 4 5 6 |  6.6
Short Blades   | 3 6 7 9 |  9.0
Fighting       | 4 6 8 10 11 12 | 12.4
Armour         | 4 6 8 9 10 | 10.0
Dodging        | 3 5 7 9 11 | 11.9
Shields        | |  2.6

Action                     |  1- 3 |  4- 6 |  7- 9 | 10-12 | 13-15 || total
---------------------------+-------+-------+-------+-------+-------++-------
  Melee: Long sword        |   109 |   105 |       |       |       ||   214
         Dagger            |       |    74 |   450 |  1267 |       ||  1791
         Rapier            |       |       |       |   233 |   210 ||   443
  Evoke: Wand              |       |       |       |    11 |     2 ||    13
    Use: Potion            |       |     1 |     2 |       |     2 ||     5
         Scroll            |       |       |    20 |     6 |       ||    26
   Stab: Distracted        |       |       |     1 |       |     1 ||     2
         Sleeping          |       |       |       |    12 |       ||    12
         Invisible         |       |       |       |     1 |     1 ||     2
         Petrified         |       |       |       |     2 |       ||     2
 Armour: Scale mail        |    42 |    94 |   176 |    41 |       ||   353
         Ring mail         |       |       |       |   351 |    57 ||   408
  Dodge: Dodged            |    59 |    72 |   196 |   916 |   187 ||  1430
  Block: Buckler           |    24 |    38 |    97 |   401 |   138 ||   698

Table legend: (Time is in decaauts)
 A = Elapsed time spent in this place.
 B = Non-inter-level travel time spent in this place.
 C = Inter-level travel time spent in this place.
 D = Time resting spent in this place.
 E = Time spent auto-exploring this place.
 F = Levels seen in this place.
 G = Mean time per level.
                   A        B        C        D        E       F      G
               +--------+--------+--------+--------+--------+-----+--------+
         Total |  12572 |  12233 |    339 |      0 |   8864 |  18 |  698.4 |
       Dungeon |   8894 |   8635 |    259 |      0 |   6387 |  13 |  684.2 |
          Lair |   3677 |   3597 |     80 |      0 |   2476 |   5 |  735.4 |
               +--------+--------+--------+--------+--------+-----+--------+

Top non-repeatable levels by time:
    D:10: 1498 daAuts
  Lair:4: 958 daAuts
    D:12: 958 daAuts
  Lair:2: 881 daAuts
     D:9: 854 daAuts
     D:6: 837 daAuts
  Lair:1: 831 daAuts
    D:11: 824 daAuts
     D:8: 748 daAuts
     D:3: 714 daAuts
  Lair:3: 685 daAuts
     D:7: 590 daAuts
     D:5: 538 daAuts
     D:1: 474 daAuts
     D:2: 448 daAuts
